[Event "Early-Titled-Tuesday-Blitz-November-28-2023"]
[Site "Chess.com"]
[Date "2023.11.28"]
[Round "1"]
[White "MeesvanOsch"]
[Black "Leonid_Starozhilov"]
[Result "0-1"]
[WhiteElo "2420"]
[BlackElo "2744"]
[TimeControl "180+1"]
[EndTime "8:06:53 PST"]
[Termination "Leonid_Starozhilov won on time"]

1. e4 c6 2. d4 d5 3. Nc3 dxe4 4.
Nxe4 Nf6 5. Nxf6+ exf6 6. Be3 Bd6 7. Qd2 h5 8. O-O-O Na6 9. Bd3 Nb4 10. Kb1 Be6 11.
a3 Nxd3 12. Qxd3 b5 13. Ne2 O-O 14. Nf4 Bxf4 15. Bxf4 Qd5 16. b3 a5 17. Qf3 a4 18.
Qxd5 Bxd5 19. b4 Bxg2 20. Rhe1 Rfe8 21. Kc1 Bf3 22. Rxe8+ Rxe8 23. Rd3 Re1+ 24. Kb2 Bd5 25. h4 Rh1 26. Bg3 g5 27. hxg5 fxg5 28. Re3 f6 29.
Re7 h4 30. Bc7 h3 31. Re8+ Kg7 32. f4 h2 33. fxg5 Rb1+ 34. Kxb1 h1=Q+ 35. Kb2 fxg5 36. Be5+ Kf7 37. Rh8 Qg2 38. Rh7+ Ke6 39. Rh6+ Kf5 40. Rf6+ Ke4 41. Kc3 Ke3 42. Rg6 Be4 43. Bf4+ Kxf4 0-1

[Event "Early-Titled-Tuesday-Blitz-November-28-2023"]
[Site "Chess.com"]
[Date "2023.11.28"]
[Round "1"]
[White "Rakhmanov_Aleksandr"]
[Black "verrbaa"]
[Result "1-0"]
[WhiteElo "2851"]
[BlackElo "2470"]
[TimeControl "180+1"]
[EndTime "8:06:54 PST"]
[Termination "Rakhmanov_Aleksandr won on time"]

1. d4 Nf6 2. c4 e6 3. Nc3 Bb4 4. e3 O-O 5. Bd3 d5 6. a3 Bxc3+ 7. bxc3 b6 8. Nf3 c5 9. cxd5 exd5 10. Ne5 Qd6 11. O-O Ba6 12. Bxa6 Nxa6 13. f3 Nc7 14. a4 Ne6 15. Ba3 Rfd8 16. Qd3 Rac8 17. Rf2 Qc7 18. h3 Ne8 19. Qf5 Nd6 20. Qg4 Re8 21. e4 cxd4 22. exd5 Qxc3 23. Bb2 Qe3 24. dxe6 Qxe5 25. Bxd4 h5 26.
Bxe5 hxg4 27. Bxd6 Rxe6 28. Bg3 gxh3 29. gxh3 Rc5 30.
Rd1 1-0

[Event "Early-Titled-Tuesday-Blitz-November-28-2023"]
[Site "Chess.com"]
[Date "2023.11.28"]
[Round "1"]
[White "Gyulamiryan-koryun"]
[Black "brm72"]
[Result "0-1"]
[WhiteElo "1900"]
[BlackElo "2530"]
[TimeControl "180+1"]
[EndTime "8:06:54 PST"]
[Termination "brm72 won on time"]

1. e4 c5 2. Nf3 d6 3. d4 cxd4 4.
Nxd4 Nf6 5. Nc3 a6 6. f3 e5 7. Nb3 Be7 8. Be3 Be6 9. g4 Nc6 10. h4 O-O 11. h5 b5 12. g5 Nd7 13. Qd2 Nb6 14. g6 b4 15. Nd5 Bxd5 16. exd5 Nd4 17.
Nxd4 exd4 18. gxh7+ Kh8 19. Bxd4 Bf6 20. h6 g6 21. Qf4 Qe7+ 22. Be2 Nxd5 23. Bxf6+ Qxf6 24. Qxf6+ Nxf6 25. O-O-O d5 26. Rd4 a5 27. f4 Kxh7 28. Bf3 Rad8 29. Rhd1 Kxh6 30. Bxd5 Nh5 31. f5 gxf5 32.
Rh4 Kg5 33. Rh2 Nf4 34. Rg1+ Kf6 35. Bf3 Rg8 0-1

[Event "Early-Titled-Tuesday-Blitz-November-28-2023"]
[Site "Chess.com"]
[Date "2023.11.28"]
[Round "1"]
[White "JaloliddinIlkhomi"]
[Black "UK_23"]
[Result "1-0"]
[WhiteElo "2715"]
[BlackElo "2413"]
[TimeControl "180+1"]
[EndTime "8:06:56 PST"]
[Termination "JaloliddinIlkhomi won by resignation"]

1. Nf3 d5 2. d4 Nf6 3. Bf4 c5 4. e3 Nc6 5. c3 Qb6 6. Qc2 Bf5 7. dxc5 Bxc2 8. cxb6 axb6 9. Na3 Rxa3 10. bxa3 e6 11.
Kd2 Ba4 12. Bd3 Bxa3 13. Rab1 b5 14. Nd4 Nxd4 15. cxd4 Ne4+ 16. Bxe4 dxe4 17. f3 exf3 18. gxf3 Kd7 19. e4 Rc8 20. Ke2 Rc2+ 21. Bd2 b4 22.
Ke3 Bb2 23. Bxb4 Bb5 24. Bd2 Bc4 25. Rbg1 g6 26. Rg2 Bxa2 27. Rhg1 Bc4 28. Bb4 Rxg2 29. Rxg2 Ba1 30. Rc2 b5 31. Rc1 Bb2 32. Rb1 1-0

[Event "Early-Titled-Tuesday-Blitz-November-28-2023"]
[Site "Chess.com"]
[Date "2023.11.28"]
[Round "1"]
[White "Andrei_Skvortsov"]
[Black "LimeInTheCoconut"]
[Result "1-0"]
[WhiteElo "2732"]
[BlackElo "2418"]
[TimeControl "180+1"]
[EndTime "8:06:58 PST"]
[Termination "Andrei_Skvortsov won by resignation"]

1. e4 c6 2. e5 d5 3. exd6 exd6 4. d4 d5 5. Nf3 Bd6 6. Bd3 Ne7 7. O-O O-O 8. Re1 Nd7 9. Ne5 Bxe5 10. dxe5 Nc5 11. Nc3 Nxd3 12. Qxd3 Bf5 13. Qe2 Qd7 14. Bf4 Rae8 15.
Rad1 Bg6 16. Qd2 Qf5 17. Rc1 a6 18. Bg3 Rd8 19. Na4 Qc8 20. b4 Nf5 21. c3 Nxg3 22. hxg3 Rde8 23. Qf4 f6 24. exf6 Rxf6 25. Qd4 Rfe6 26.
Rxe6 Qxe6 27. Nc5 Qf7 28. a4 Re2 29. Qf4 Qxf4 30. gxf4 Rd2 31. Nxb7 d4 32. cxd4 Rxd4 33. Rxc6 Rxb4 34. Nc5 Rxf4 35. Rxa6 Rc4 36. Rc6 Be8 37.
Rc8 Kf7 38. a5 Bb5 39. a6 Kg6 40. a7 1-0

[Event "Early-Titled-Tuesday-Blitz-November-28-2023"]
[Site "Chess.com"]
[Date "2023.11.28"]
[Round "1"]
[White "TheAlienParty"]
[Black "Aradhya2000"]
[Result "0-1"]
[WhiteElo "2387"]
[BlackElo "2690"]
[TimeControl "180+1"]
[EndTime "8:06:58 PST"]
[Termination "Aradhya2000 won by resignation"]

1. c4 Nf6 2. Nc3 e5 3. Nf3 Nc6 4.
e4 Bb4 5. d3 d6 6. a3 Bxc3+ 7.
bxc3 O-O 8. g3 a6 9. Bg2 b5 10. cxb5 axb5 11. O-O h6 12. a4 Be6 13. Bd2 bxa4 14. Rxa4 Qb8 15. Rxa8 Qxa8 16. Nh4 Qa7 17.
Be3 Qa3 18. Qc1 Ra8 19. h3 d5 20. Nf5 dxe4 21. Bxe4 Nxe4 22. dxe4 Qxc1 23. Rxc1 h5 24. Bc5 g6 25. Ne7+ Nxe7 26. Bxe7 Re8 27. Bc5 Bxh3 28.
Rb1 Bd7 29. f3 f5 30. exf5 gxf5 31. Kf2 Bc6 32. Ke3 Kf7 33. Ra1 Ke6 34. c4 Rb8 35. Ra3 Rb1 36. Ke2 f4 37. gxf4 exf4 38. Bd4 Rb4 39.
Rc3 Rxc4 40. Rxc4 Bb5 41. Kd3 Kd5 42. Bf6 Bxc4+ 43. Kd2 Ke6 44. Bd8 c6 45. Bg5 Kf5 46. Be7 Ke5 47. Bg5 Bd5 48. Be7 Bxf3 0-1

[Event "Early-Titled-Tuesday-Blitz-November-28-2023"]
[Site "Chess.com"]
[Date "2023.11.28"]
[Round "1"]
[White "Boundless_Strike"]
[Black "zozik"]
[Result "1-0"]
[WhiteElo "2687"]
[BlackElo "2378"]
[TimeControl "180+1"]
[EndTime "8:06:58 PST"]
[Termination "Boundless_Strike won by checkmate"]

1. d4 Nf6 2. f3 e6 3. e4 d5 4. e5 Nfd7 5. f4 c5 6. c3 Nc6 7. Nf3 Qb6 8. Be2 a6 9. O-O Be7 10. a3 O-O 11. b4 cxd4 12. cxd4 f6 13. Kh1 Qd8 14. Bd3 f5 15. Be3 b5 16. Rg1 Nb6 17.
g4 Nc4 18. Qe2 a5 19. Nc3 axb4 20. Nxb5 Nxe3 21. Qxe3 bxa3 22. gxf5 exf5 23. e6 Nb4 24. Ne5 Nxd3 25. Qxd3 Bxe6 26. Rae1 Bd7 27. Qb3 Bxb5 28. Qxb5 Bf6 29. Qc6 Bxe5 30. Rxe5 a2 31. Rxd5 Qe8 32.
Rd7 a1=Q 33. Rxg7+ Kh8 34. Rg8+ Rxg8 35. Qf6+ Rg7 36.
Qxg7# 1-0

[Event "Early-Titled-Tuesday-Blitz-November-28-2023"]
[Site "Chess.com"]
[Date "2023.11.28"]
[Round "1"]
[White "Elprofessor21"]
[Black "ilushka"]
[Result "0-1"]
[WhiteElo "2657"]
[BlackElo "2389"]
[TimeControl "180+1"]
[EndTime "8:06:58 PST"]
[Termination "ilushka won by resignation"]

1. e4 e5 2. Nf3 Nc6 3. Bb5 Nf6 4.
d3 Bc5 5. O-O d6 6. Be3 Bb6 7.
h3 O-O 8. a4 a6 9. Bxc6 bxc6 10. a5 Bxe3 11. fxe3 c5 12. Nbd2 Ne8 13. Nc4 g6 14. Qd2 Ng7 15. d4 cxd4 16. exd4 exd4 17. Nxd4 Ne6 18. Ne3 Qh4 19. Nd5 f5 20. Nxe6 Bxe6 21. Nxc7 Bc4 22. Rf4 Qg5 23. Nxa8 Rxa8 24. b3 Be6 25. Qxd6 Re8 26. exf5 Bxf5 27. Qd5+ Kg7 28. Qd4+ Kg8 29. Raf1 Re2 30. R4f2 Re3 31. Qe4 Rxe4 32.
g4 Be6 33. Kh2 Bxg4 34. hxg4 Rxg4 35. Rf8+ Kg7 36. R8f7+ Kh6 37. R7f3 Rh4+ 38. Rh3 Rxh3+ 39. Kxh3 Qc5 40. c4 Qxa5 41. Rf3 Qc5 42. Kg3 a5 43.
Rc3 Kg5 44. Rf3 h5 45. Kg2 h4 46. Kf1 Kg4 47. Kg2 g5 48. Rd3 Qe5 49. Kf2 Qb2+ 50. Ke3 h3 51. c5 h2 52. c6 h1=Q 0-1

[Event "Early-Titled-Tuesday-Blitz-November-28-2023"]
[Site "Chess.com"]
[Date "2023.11.28"]
[Round "1"]
[White "mishanick"]
[Black "ArtemDyachuk"]
[Result "1-0"]
[WhiteElo "3053"]
[BlackElo "2520"]
[TimeControl "180+1"]
[EndTime "8:06:59 PST"]
[Termination "mishanick won by resignation"]

1. d4 Nf6 2. c4 e6 3. Nc3 c5 4.
d5 exd5 5. cxd5 d6 6. e4 g6 7. h3 Bg7 8. Nf3 O-O 9. Bd3 b5 10.
Nxb5 Re8 11. O-O Nxe4 12. Bf4 a6 13. Na3 Bb7 14. Nc4 Nd7 15. Bc2 a5 16. Re1 Ba6 17. Nxd6 Nxd6 18. Bxd6 Qb6 19. Bg3 Qxb2 20. Rb1 Rxe1+ 21.
Nxe1 Qf6 22. Ba4 Ne5 23. d6 Rd8 24. Rb6 Bc4 25. Qd2 Be6 26. Bb5 h5 27. Qxa5 h4 28. Bh2 Qg5 29. f4 Qf5 30. fxe5 Bh6 31. Nf3 Qb1+ 32.
Qe1 Qxa2 33. Qxh4 Be3+ 34. Kh1 Qb1+ 35. Bg1 Ra8 36. d7 Qd1 37. Rd6 Qxg1+ 38. Nxg1 Ra1 39. d8=Q+ 1-0

[Event "Early-Titled-Tuesday-Blitz-November-28-2023"]
[Site "Chess.com"]
[Date "2023.11.28"]
[Round "1"]
[White "Franmu14"]
[Black "Shivananda1964"]
[Result "1-0"]
[WhiteElo "2709"]
[BlackElo "2403"]
[TimeControl "180+1"]
[EndTime "8:06:59 PST"]
[Termination "Franmu14 won on time"]

1. e4 Nc6 2. Nc3 e5 3. Nf3 g6 4.
d4 exd4 5. Nxd4 Bg7 6. Be3 Nf6 7.
Nxc6 bxc6 8. e5 Ng8 9. f4 Nh6 10.
Qf3 O-O 11. O-O-O d5 12. h3 f6 13. Bc4 Kh8 14. Bc5 fxe5 15. Bxf8 Qxf8 16. Nxd5 cxd5 17.
Qxd5 Rb8 18. fxe5 Bb7 19. Qd4 Nf5 20. Qc3 Bxg2 21. Rhe1 Qc5 22. Rd7 Re8 23. Bf7 Qxc3 24.
bxc3 Bh6+ 25. Kb2 Rb8+ 26. Bb3 Ne3 27. a4 Nc4+ 28. Ka2 Bd2 29. Re2 Bxc3 30. Rxg2 1-0

[Event "Early-Titled-Tuesday-Blitz-November-28-2023"]
[Site "Chess.com"]
[Date "2023.11.28"]
[Round "1"]
[White "Zavgorodniy_Sergiy"]
[Black "50Tugrik"]
[Result "1-0"]
[WhiteElo "2683"]
[BlackElo "2377"]
[TimeControl "180+1"]
[EndTime "8:06:59 PST"]
[Termination "Zavgorodniy_Sergiy won by resignation"]

1. e4 c5 2. Nf3 g6 3. g3 Bg7 4.
Bg2 Nc6 5. O-O d6 6. c3 h5 7. h3 Nf6 8. Qe2 O-O 9. d4 b6 10. d5 Nb8 11. c4 Nbd7 12. Nc3 a6 13. Bf4 Ne8 14. e5 dxe5 15. Nxe5 Nxe5 16. Bxe5 Nd6 17. Bxg7 Kxg7 18. Rae1 Ra7 19. f4 b5 20. b3 bxc4 21.
bxc4 a5 22. g4 hxg4 23. hxg4 Ba6 24. Nb5 Bxb5 25. cxb5 Qb6 26. a4 c4+ 27. Qe3 Qxe3+ 28.
Rxe3 Rc8 29. Rc1 Rac7 30. Rec3 Rc5 31. Kf2 Kf6 32. Ke3 g5 33. fxg5+ Kxg5 34. Kd4 Kxg4 35. Bh3+ Kf4 36. Rf1+ Kg5 37. Rg1+ Kh4 38. Rh1 R8c7 39. Bd7+ Kg5 40. Bc6 e5+ 41. Kxc5 Ne4+ 42. Kb6 Nxc3 43.
Kxc7 1-0

[Event "Early-Titled-Tuesday-Blitz-November-28-2023"]
[Site "Chess.com"]
[Date "2023.11.28"]
[Round "1"]
[White "Let_it_be_1"]
[Black "Olya_Oblachko"]
[Result "1-0"]
[WhiteElo "2666"]
[BlackElo "2347"]
[TimeControl "180+1"]
[EndTime "8:06:59 PST"]
[Termination "Let_it_be_1 won on time"]

1. e4 e6 2. d4 d5 3. Nd2 c5 4.
Ngf3 cxd4 5. exd5 Qxd5 6. Bc4 Qd6 7. O-O Nf6 8. Nb3 Nc6 9. Nfxd4 Nxd4 10. Qxd4 Qxd4 11.
Nxd4 Bd7 12. Bf4 Rc8 13. Bb3 Bc5 14. Rad1 O-O 15. h3 Rfe8 16. Be5 a6 17. c3 Bxd4 18. Rxd4 Bc6 19. Bxf6 gxf6 20. Rfd1 f5 21. f4 Kg7 22.
Kf2 Kf6 23. g3 Rg8 24. R1d2 Rge8 25. Bd1 Rc7 26. Bf3 Bxf3 27. Kxf3 Ke7 28. a4 Rec8 29. a5 Re8 30. Rd6 Rb8 31. g4 fxg4+ 32. hxg4 Rc5 33. Rd7+ Ke8 34. g5 Rxa5 35. Rc7 Rb5 36. Rdd7 Rxb2 37. Rxf7 Rc2 38. Rxh7 1-0

[Event "Early-Titled-Tuesday-Blitz-November-28-2023"]
[Site "Chess.com"]
[Date "2023.11.28"]
[Round "1"]
[White "Zapateado"]
[Black "Kolle05"]
[Result "0-1"]
[WhiteElo "2356"]
[BlackElo "2659"]
[TimeControl "180+1"]
[EndTime "8:06:59 PST"]
[Termination "Kolle05 won on time"]

1. c4 Nf6 2. Nc3 g6 3. e4 d6 4. g3 Bg7 5. Bg2 O-O 6. Nge2 c5 7. O-O Nc6 8. d3 Ne8 9. Be3 Nc7 10. d4 cxd4 11.
Nxd4 Nxd4 12. Bxd4 Bxd4 13. Qxd4 e5 14. Qd2 Be6 15. b3 Qe7 16. Rad1 Rad8 17. h3 a6 18. f4 f6 19. f5 Bf7 20. g4 b5 21. cxb5 axb5 22. h4 b4 23. Nd5 Nxd5 24. exd5 e4 25. Qxb4 e3 26. Rde1 Rfe8 27. Qd4 Ra8 28. a4 Rab8 29. b4 Rbc8 30. fxg6 Bxg6 31. Qxf6 Qa7 32. Kh2 Rc2 33. Kh1 Qd7 34. h5 Qxg4 0-1

[Event "Early-Titled-Tuesday-Blitz-November-28-2023"]
[Site "Chess.com"]
[Date "2023.11.28"]
[Round "1"]
[White "pirulillo"]
[Black "jk13"]
[Result "0-1"]
[WhiteElo "2299"]
[BlackElo "2615"]
[TimeControl "180+1"]
[EndTime "8:07:01 PST"]
[Termination "jk13 won by checkmate"]

1. e4 d6 2. d4 Nf6 3. Nc3 e5 4. Nf3 Nbd7 5. Bc4 Be7 6. O-O O-O 7. Re1 c6 8. a4 h6 9. h3 Nh7 10. b3 Ng5 11. Nxg5 Bxg5 12. Bb2 a5 13. Ne2 Nf6 14. Ng3 Bf4 15. Qf3 Qc7 16. Rad1 Re8 17. Nf1 Bg5 18. dxe5 dxe5 19. Ba3 Be6 20. Bd6 Qc8 21. Bxe6 Qxe6 22. Ng3 g6 23. Ba3 Red8 24. Rxd8+ Rxd8 25. Rd1 Rd7 26. Rd3 Rxd3 27. Qxd3 Nd7 28. Nf1 h5 29. Kh2 Kg7 30.
g3 h4 31. Ne3 hxg3+ 32. fxg3 Bxe3 33. Qxe3 b6 34. Bc1 Kf8 35. Ba3+ Kg8 36. Kg2 c5 37.
Bb2 Qd6 38. Qe2 Nf8 39. h4 Ne6 40. h5 Kg7 41. hxg6 fxg6 42. Bc1 Nd4 43. Qd2 Qf6 44. Qh6+ Kg8 45. Bg5 Qf3+ 46. Kh2 Qxe4 47. Bf6 Qe2+ 48. Kg1 Nf3+ 49. Kh1 Qf1# 0-1

[Event "Early-Titled-Tuesday-Blitz-November-28-2023"]
[Site "Chess.com"]
[Date "2023.11.28"]
[Round "1"]
[White "chito89"]
[Black "Khromkin"]
[Result "1-0"]
[WhiteElo "2867"]
[BlackElo "2491"]
[TimeControl "180+1"]
[EndTime "8:07:02 PST"]
[Termination "chito89 won on time"]

1. d4 d5 2. c4 dxc4 3. e3 e5 4. Bxc4 exd4 5. Nf3 Bb4+ 6. Bd2 Bxd2+ 7. Qxd2 Nf6 8. O-O O-O 9. exd4 Nc6 10. h3 Bf5 11. Nc3 Ne4 12. Qf4 Nxc3 13. bxc3 Bg6 14. Rfe1 Qd6 15.
Qh4 Na5 16. Bf1 f6 17. c4 b6 18. Rac1 c5 19. Rcd1 Rad8 20. Qg4 Nc6 21. dxc5 Qxc5 22. Rd5 Rxd5 23. cxd5 Ne5 24. Nxe5 fxe5 25. Re3 Bf5 26. Qc4 e4 27. d6+ Kh8 28. Qxc5 bxc5 29. f3 exf3 30.
Rxf3 Rf6 31. Bc4 g6 32. g4 1-0

[Event "Early-Titled-Tuesday-Blitz-November-28-2023"]
[Site "Chess.com"]
[Date "2023.11.28"]
[Round "1"]
[White "sergeikim"]
[Black "kereswasbest"]
[Result "1-0"]
[WhiteElo "2596"]
[BlackElo "2252"]
[TimeControl "180+1"]
[EndTime "8:07:03 PST"]
[Termination "sergeikim won by resignation"]

1. d4 d5 2. c4 e6 3. Nc3 Be7 4. Nf3 Nf6 5. Bf4 O-O 6. e3 a6 7.
c5 Nc6 8. h3 Re8 9. a3 Bd7 10. b4 b5 11. Be2 Bf8 12. O-O Ne7 13. a4 c6 14. Ne5 Ng6 15. Nxg6 hxg6 16. Qc2 Qc8 17. Ra2 Qb7 18. Rfa1 Rec8 19. Qb2 Be7 20.
Qa3 Be8 21. axb5 cxb5 22. Qc1 Bc6 23. Qf1 Nh5 24. Bh2 f5 25. Be5 Nf6 26. f3 Nd7 27.
Bf4 Bf6 28. Qf2 e5 29. Bg3 Re8 30. Bh2 f4 31. e4 exd4 32. Nxd5 Bxd5 33. exd5 d3 34.
c6 Qc7 35. Bxd3 Ne5 36. Be4 g5 37. Rxa6 Rxa6 38. Rxa6 Nc4 39. Kh1 Ne3 40. Qa2 Qd6 41.
c7 Qxc7 42. d6+ Qf7 43. d7 Rd8 44. Bc6 Qxa2 45. Rxa2 Nc4 46. Bxb5 Nd6 47. Bc6 Bd4 48. Bg1 Bxg1 49. Kxg1 Kf7 50. Re2 Nf5 51. Re8 1-0

[Event "Early-Titled-Tuesday-Blitz-November-28-2023"]
[Site "Chess.com"]
[Date "2023.11.28"]
[Round "1"]
[White "vladoboch"]
[Black "CSB7"]
[Result "1-0"]
[WhiteElo "2436"]
[BlackElo "2724"]
[TimeControl "180+1"]
[EndTime "8:07:04 PST"]
[Termination "vladoboch won by resignation"]

1. e4 c5 2. Nf3 e6 3. g3 d5 4. exd5 exd5 5. d4 cxd4 6. Nxd4 Nc6 7. Bg2 Bc5 8. Be3 Qb6 9. Nxc6 Bxe3 10. O-O bxc6 11.
Re1 Qxb2 12. Rxe3+ Be6 13. Nd2 Ne7 14. Rb1 Qxa2 15.
Reb3 O-O 16. Ra1 Qxa1 17. Qxa1 Nf5 18. Ra3 h5 19. Rxa7 Rab8 20. h4 Rfe8 21. Nf3 f6 22.
Nd4 Nxd4 23. Qxd4 Bf7 24. Qc5 Re2 25. Re7 Rd2 26. Kh2 Rb2 27. Qa7 Bg6 28. Rxg7+ 1-0

[Event "Early-Titled-Tuesday-Blitz-November-28-2023"]
[Site "Chess.com"]
[Date "2023.11.28"]
[Round "1"]
[White "masenik"]
[Black "TigrVShlyape"]
[Result "0-1"]
[WhiteElo "2512"]
[BlackElo "2982"]
[TimeControl "180+1"]
[EndTime "8:07:05 PST"]
[Termination "TigrVShlyape won by resignation"]

1. e4 c5 2. Nf3 e6 3. d4 cxd4 4.
Nxd4 a6 5. Bd3 g6 6. O-O Bg7 7.
Nf3 Ne7 8. Nc3 Nbc6 9. Re1 O-O 10. Bg5 h6 11. Bf4 d5 12. exd5 Nxd5 13. Nxd5 Qxd5 14. c3 Rd8 15. Be4 Qc5 16. Qc1 Kh7 17. a4 a5 18.
Qe3 Qxe3 19. Bxe3 Bd7 20. Bb6 Rdc8 21. Rad1 Be8 22. g4 Ra6 23. Be3 Raa8 24. h3 Rd8 25. Bb6 Rxd1 26. Rxd1 Ne7 27. Bc2 Nd5 28. Bd4 Rc8 29.
Bxg7 Kxg7 30. Kf1 g5 31. h4 gxh4 32. Nxh4 Rc4 33. f3 Ne3+ 34. Ke2 Nxc2 35. Kd3 Bxa4 36. b3 Bxb3 37. Rb1 a4 0-1

[Event "Early-Titled-Tuesday-Blitz-November-28-2023"]
[Site "Chess.com"]
[Date "2023.11.28"]
[Round "1"]
[White "ActorXu"]
[Black "MFBerna"]
[Result "1-0"]
[WhiteElo "2844"]
[BlackElo "2461"]
[TimeControl "180+1"]
[EndTime "8:07:05 PST"]
[Termination "ActorXu won by resignation"]

1. e4 c5 2. Nf3 Nc6 3. Bb5 d6 4. O-O Bd7 5. Re1 g6 6. c3 Bg7 7. d4 cxd4 8. cxd4 a6 9. Bf1 Nf6 10. h3 O-O 11. Nc3 Rc8 12. Be3 b5 13. a3 Na5 14. e5 Ne8 15. Ne4 Nc4 16. Bxc4 Rxc4 17. b3 Rc8 18. Bg5 dxe5 19. dxe5 h6 20. Bh4 g5 21. Bg3 Be6 22. Nd4 Nc7 23. Nc5 Qd5 24. Ndxe6 Qxd1 25. Rexd1 Nxe6 26. Nxa6 Rc3 27. Nb4 Rxb3 28.
Nc6 Ra8 29. Nxe7+ Kf8 30. Nf5 Rbxa3 31. Rab1 Rb8 32. Rd7 Nc5 33. e6 Nxd7 34. Bd6+ Kg8 35. exd7 Raa8 36. Bxb8 Rxb8 37. Rc1 Bf6 38. Rc8+ 1-0

[Event "Early-Titled-Tuesday-Blitz-November-28-2023"]
[Site "Chess.com"]
[Date "2023.11.28"]
[Round "1"]
[White "MITerryble"]
[Black "FunnyDuck66"]
[Result "1-0"]
[WhiteElo "2957"]
[BlackElo "2506"]
[TimeControl "180+1"]
[EndTime "8:07:06 PST"]
[Termination "MITerryble won by resignation"]

1. d4 Nf6 2. Bg5 d5 3. e3 c6 4. Bd3 e6 5. c3 Be7 6. Nd2 O-O 7.
Ngf3 Nbd7 8. h3 Qc7 9. e4 dxe4 10.
Nxe4 h6 11. Bh4 Nxe4 12. Bxe7 Re8 13. Ba3 Nef6 14. O-O e5 15. Re1 e4 16. Nh4 exd3 17.
Rxe8+ Nxe8 18. Nf5 Ndf6 19. Ne7+ Kh8 20. Qxd3 Be6 21.
Re1 Nd6 22. Ng6+ Kg8 23. Ne5 Re8 24. b3 Nb5 25. Bc1 Rd8 26. Qg3 Kh7 27. Bf4 Qa5 28. b4 Qa3 29. Re3 Qxa2 30. Qh4 Qb1+ 31. Kh2 Qf5 32.
Nf3 Rd5 33. Be5 Qg6 34. c4 Rd7 35. cxb5 cxb5 36. Bg3 Nd5 37. Ne5 Qf6 38. Qe4+ Bf5 39. Nxd7 Qg6 40. Nf8+ 1-0

[Event "Early-Titled-Tuesday-Blitz-November-28-2023"]
[Site "Chess.com"]
[Date "2023.11.28"]
[Round "1"]
[White "Grammnik"]
[Black "RETURNOFTHELAGGER"]
[Result "0-1"]
[WhiteElo "2358"]
[BlackElo "2667"]
[TimeControl "180+1"]
[EndTime "8:07:07 PST"]
[Termination "RETURNOFTHELAGGER won on time"]

1. e4 c5 2. Nf3 d6 3. d4 cxd4 4.
Nxd4 Nf6 5. Nc3 a6 6. f3 e5 7.
Nb3 h5 8. Be3 Be7 9. Qd2 Be6 10.
Nd5 Bxd5 11. exd5 Nbd7 12. O-O-O Rc8 13. Na5 Qc7 14. Kb1 Nb6 15. c4 O-O 16. Rc1 Nfd7 17.
g4 hxg4 18. fxg4 e4 19. Bd4 Bf6 20. g5 Bxd4 21. Qxd4 Rfe8 22. Bh3 Re5 23. Rhg1 Rce8 24. Rg3 Nf8 25. Re1 Na4 26. Nb3 b5 27. cxb5 axb5 28.
Rc1 Qb7 29. Rc6 e3 30. Rg1 Re4 31. Qd3 e2 32. Re1 Re3 33. Qf5 R8e5 34. Qc8 Qxc8 35. Rxc8 Rxh3 36. Nd4 Rd3 37. Nc6 Rd1+ 0-1

[Event "Early-Titled-Tuesday-Blitz-November-28-2023"]
[Site "Chess.com"]
[Date "2023.11.28"]
[Round "1"]
[White "Mourinho_Jose"]
[Black "akanga001"]
[Result "1-0"]
[WhiteElo "2535"]
[BlackElo "2014"]
[TimeControl "180+1"]
[EndTime "8:07:07 PST"]
[Termination "Mourinho_Jose won by checkmate"]

1. Nf3 d5 2. g3 g6 3. Bg2 Bg7 4. d4 Nf6 5. c4 Ne4 6. cxd5 Qxd5 7. O-O Qd8 8. Nc3 Nxc3 9. bxc3 c6 10. e4 O-O 11. h3 Nd7 12. Rb1 Nb6 13. Re1 Be6 14. a4 Qc8 15. Kh2 h6 16. a5 Nc4 17.
d5 cxd5 18. exd5 Rd8 19. Nd4 Bxd5 20. Rxe7 Bxg2 21. Kxg2 Qc6+ 22. Qf3 Qxf3+ 23. Kxf3 b6 24. axb6 axb6 25. Nc6 Rd3+ 26. Be3 Rxc3 27. Nb4 Raa3 28. Rd1 Ne5+ 29. Kg2 Nc4 30. Nd5 Rc2 31. Bxb6 Nxb6 32. Nxb6 Raa2 33. Rd8+ Kh7 34. Rxf7 g5 35. Rdd7 Kg6 36.
Rxg7+ Kh5 37. Rgf7 Rab2 38. Nd5 Rd2 39. Ne3 Re2 40. Rf6 Rxe3 41. g4+ Kh4 42. Rxh6# 1-0

[Event "Early-Titled-Tuesday-Blitz-November-28-2023"]
[Site "Chess.com"]
[Date "2023.11.28"]
[Round "1"]
[White "Igor_Lysyj"]
[Black "Atousa1"]
[Result "1-0"]
[WhiteElo "2825"]
[BlackElo "2455"]
[TimeControl "180+1"]
[EndTime "8:07:08 PST"]
[Termination "Igor_Lysyj won by checkmate"]

1. d4 Nf6 2. c4 e6 3. Nf3 d5 4. g3 Be7 5. Bg2 O-O 6. O-O dxc4 7. Na3 Bxa3 8. bxa3 Bd7 9. Ne5 Bc6 10. Nxc6 Nxc6 11.
Bb2 Qd7 12. Qa4 b5 13. Qxb5 Rab8 14. Qxc4 Rxb2 15. Bxc6 Qd6 16. Qc3 Rxe2 17. Bf3 Re4 18. Bxe4 Nxe4 19. Qe3 Nf6 20. Qe5 Rd8 21. Qxd6 Rxd6 22.
Rab1 g6 23. Rb7 a5 24. Rc1 Nd5 25. Rc5 Ra6 26. a4 Kf8 27. Rbb5 Rd6 28. Rxa5 Ke7 29.
Rab5 Kd7 30. Rb8 Ra6 31. a5 Ne7 32. Rf8 Nf5 33. Rxf7+ Kd6 34. Rcxc7 Nxd4 35. Rfd7+ Ke5 36. Rc5+ Ke4 37. f4 Nf5 38. Kf2 Nh6 39. Re5# 1-0

[Event "Early-Titled-Tuesday-Blitz-November-28-2023"]
[Site "Chess.com"]
[Date "2023.11.28"]
[Round "1"]
[White "Niilo1"]
[Black "GatoRojo150"]
[Result "0-1"]
[WhiteElo "2278"]
[BlackElo "2606"]
[TimeControl "180+1"]
[EndTime "8:07:08 PST"]
[Termination "GatoRojo150 won by checkmate"]

1. e4 e5 2. Nf3 Nc6 3. Nc3 Nf6 4. Bb5 Nd4 5. Bc4 Bc5 6. d3 d6 7. Na4 b5 8. Nxd4 bxc4 9. Nxc5 exd4 10. Na4 Bd7 11. b3 Bxa4 12. bxa4 c3 13. O-O Nd7 14. f4 O-O 15. Ba3 c5 16. e5 Qc7 17. exd6 Qxd6 18.
Qf3 Rae8 19. Rab1 Nb6 20. Rb5 Nxa4 21. Ra5 Qd7 22. Bxc5 Re3 23. Qf2 Nxc5 24. Rxc5 Rfe8 25. f5 f6 26. Qf4 Re2 27. Rc7 Qd5 28. Qg3 R8e7 29.
Rxe7 Rxe7 30. Rb1 Qe5 31. Qf3 Kf7 32. Qa8 Qe3+ 33. Kf1 Qf4+ 34. Kg1 Qxf5 35. h3 Qe5 36. Rb8 Qe1+ 37. Kh2 Qe5+ 38. Kg1 Qf4 39. Rf8+ Kg6 40. Qc8 Re1# 0-1

[Event "Early-Titled-Tuesday-Blitz-November-28-2023"]
[Site "Chess.com"]
[Date "2023.11.28"]
[Round "1"]
[White "Alenzer"]
[Black "DawidCzerw"]
[Result "0-1"]
[WhiteElo "2041"]
[BlackElo "2540"]
[TimeControl "180+1"]
[EndTime "8:07:08 PST"]
[Termination "DawidCzerw won by checkmate"]

1. e4 c5 2. Nf3 g6 3. d4 cxd4 4. Nxd4 Nc6 5. c4 Nf6 6. Nc3 d6 7. Be2 Nxd4 8. Qxd4 Bg7 9. O-O O-O 10. Qd3 Nd7 11. Be3 Nc5 12. Qc2 f5 13. Rad1 b6 14. b4 f4 15. Bxc5 bxc5 16. bxc5 f3 17. Bxf3 Rxf3 18.
gxf3 Bh3 19. Kh1 Qf8 20. Qd3 dxc5 21. Rg1 Bd4 22. Ne2 Bxf2 23. Rg5 Qf6 24. Qd5+ Kg7 25. f4 Rf8 26. Qe5 Qxe5 27. Rxe5 Bg4 28. Rdd5 Bf3# 0-1

[Event "Early-Titled-Tuesday-Blitz-November-28-2023"]
[Site "Chess.com"]
[Date "2023.11.28"]
[Round "1"]
[White "seopie"]
[Black "zajka-molotok"]
[Result "1-0"]
[WhiteElo "2866"]
[BlackElo "2490"]
[TimeControl "180+1"]
[EndTime "8:07:09 PST"]
[Termination "seopie won by resignation"]

1. e4 c5 2. Nf3 Nc6 3. Bc4 e6 4. O-O d5 5. exd5 exd5 6. Bb5 Be7 7. Ne5 Qc7 8. d4 Nf6 9. Bf4 Qb6 10. c4 cxd4 11.
Qa4 O-O 12. Nxc6 bxc6 13. Bxc6 Rb8 14. Bxb8 Qxb8 15. Nd2 Qxb2 16. Nf3 Bg4 17. Bxd5 Nxd5 18. cxd5 Bxf3 19. gxf3 Bf6 20. Qxa7 Qe2 21. Qa3 d3 22. Rad1 Qxf3 23. Qxd3 Qg4+ 24. Kh1 Rd8 25. f3 Qa4 26. Qb3 Qf4 27. Qd3 Be5 28. Qe2 g6 29. Rg1 Bd6 30. Rg4 Qf6 31. Re4 Kg7 32. a4 Ra8 33. Kg2 Qg5+ 34.
Rg4 Qf6 35. Qd2 h5 36. Re4 Kh7 37. h4 Ra5 38. Qxa5 Qb2+ 39. Qd2 Qa3 40. a5 Qc5 41. a6 1-0